Map: Overgrown Facility

Players

ViperHyper - Winner!

  • Race: Terran Terran
  • League: Master
  • Spawn Location: 3:00

llllllllllll - Winner!

  • Race: Terran Terran
  • League: Master
  • Spawn Location: 1:00

PureLegacy

  • Race: Terran Terran
  • Spawn Location: 7:00

LOADBLASTER

  • Race: Terran Terran
  • League: Grandmaster
  • Spawn Location: 9:00

VOD

Have the link to the VOD?

Description

Time

  • Played on: Dec. 1, 2018, 1:56 p.m.
  • Length: 3:58
Show
View Real Time Build Order
Export as new Build Order

ViperHyper Terran - Winner!

Build Orders: Hellion Opening 

Get SALT Encoding   

  12  0:00  SCV  
  13  0:12  SCV  
  14  0:17  Supply Depot  
  14  0:25  SCV  
  15  0:32  Refinery  
  15  0:39  SCV  
  16  0:45  Barracks  
  16  0:51  SCV  
  17  0:57  Refinery  
  17  1:03  SCV  
  18  1:15  SCV  
  19  1:33  Orbital Command  
  19  1:34  Factory  
  19  1:37  Barracks Reactor  
  19  1:50  Supply Depot  
  19  1:58  SCV  
  20  2:10  SCV  
  21  2:19  Factory  
  21  2:22  SCV  
  21  2:25  Hellion  
  21  2:26  Hellion  
  21  2:27  Barracks Reactor  
  26  2:35  Supply Depot, SCV  
  27  2:47  Hellion x2  
  31  2:57  SCV  
  32  3:03  Factory Tech Lab  
  32  3:09  Hellion x2  
  37  3:17  Supply Depot  
  36  3:24  Cyclone  
Show
View Real Time Build Order
Export as new Build Order

llllllllllll Terran - Winner!

Build Orders:  

Get SALT Encoding   

  12  0:00  SCV  
  13  0:13  SCV  
  14  0:18  Supply Depot  
  14  0:25  SCV  
  15  0:29  Refinery  
  15  0:40  SCV  
  16  0:46  Barracks  
  16  0:52  SCV  
  17  1:04  Barracks  
  17  1:12  SCV  
  18  1:23  Barracks  
  18  1:33  Reaper  
  18  1:39  Orbital Command  
  19  1:52  Supply Depot, Reaper  
  20  1:59  Refinery  
  20  2:06  Reaper  
  21  2:10  Reaper  
  21  2:11  SCV  
  23  2:22  Supply Depot  
  23  2:25  Reaper  
  24  2:31  SCV  
  25  2:38  Reaper  
  26  2:45  Reaper  
  26  2:46  SCV  
  28  2:58  SCV  
  29  2:59  Reaper  
  30  3:09  Command Center  
  30  3:14  Reaper  
  30  3:17  Reaper  
  32  3:22  SCV  
  34  3:34  SCV  
  35  3:46  SCV  
Show
View Real Time Build Order
Export as new Build Order

PureLegacy Terran 

Build Orders: Gas First Reaper Expand 

Get SALT Encoding   

  12  0:00  SCV  
  13  0:12  SCV  
  14  0:18  Supply Depot  
  14  0:25  SCV  
  15  0:30  Refinery  
  15  0:39  SCV  
  16  0:47  Barracks  
  16  0:52  SCV  
  18  1:04  SCV  
  18  1:16  SCV  
  19  1:35  Reaper  
  19  1:36  Orbital Command  
  20  1:52  Command Center  
  20  2:03  Factory  
  20  2:07  SCV  
  21  2:11  Barracks Reactor  
  21  2:15  Refinery  
  21  2:19  SCV  
  22  2:28  Supply Depot  
  22  2:31  SCV  
  23  2:48  Factory Tech Lab  
  23  2:49  Marine x2, SCV  
  23  2:50  Starport  
  26  3:01  SCV  
  26  3:04  Orbital Command  
  27  3:08  Marine x2  
  29  3:16  Siege Tank  
  32  3:20  SCV  
  32  3:26  Marine x2  
  32  3:54  Supply Depot  
Show
View Real Time Build Order
Export as new Build Order

LOADBLASTER Terran 

Build Orders: Reaper Expand 

Get SALT Encoding   

  12  0:02  SCV  
  13  0:14  SCV  
  14  0:19  Supply Depot  
  14  0:26  SCV  
  15  0:40  SCV  
  15  0:41  Barracks  
  16  0:47  Refinery  
  16  0:52  SCV  
  17  1:04  SCV  
  18  1:17  SCV  
  19  1:29  Orbital Command  
  19  1:30  Reaper  
  20  1:46  Command Center  
  20  1:53  Supply Depot  
  20  1:56  SCV  
  21  2:02  Reaper  
  21  2:08  SCV  
  23  2:20  SCV  
  24  2:25  Factory  
  24  2:37  Command Center  
  25  2:45  SCV  
  25  2:50  Refinery  
  26  2:53  Barracks Reactor  
  26  2:58  SCV, Orbital Command  
  26  3:08  Hellion  
  26  3:10  SCV  
  28  3:22  SCV  
  28  3:24  Starport  
  28  3:26  SCV  
  29  3:34  SCV  
  29  3:36  Hellion x2  
  29  3:38  Barracks Tech Lab  
  29  3:40  SCV  
  34  3:46  SCV  
Tags
 
Add a new tag
Caveats
  • Supply blocks, unpowered buildings, or Contaminate may cause inaccurate times.
  • Supply counts are checked every 10 seconds.